[Event "*** Titled Tuesday Blitz"]
[Site "Chess.com"]
[Date "2019.10.01"]
[Round "6"]
[White "WPWPWP-2015"]
[Black "sandropozo"]
[Result "0-1"]
[WhiteElo "2483"]
[BlackElo "2621"]
[TimeControl "180+2"]
[EndTime "14:29:45 PDT"]
[Termination "sandropozo won on time"]

1. e4 c6 2. d4 d5 3. e5 c5 4. dxc5 e6 5. a3 Bxc5 6. b4 Bb6 7. Bd3 Nc6 8. Bb2 Nge7 9. Qg4 Ng6 10. Nf3 Bd7 11. h4 h5 12. Qg3 Nce7 13. Nbd2 Nf5 14. Bxf5 exf5 15. Ng5 Qe7 16. f4 Rc8 17. O-O-O Ba4 18.
Nb3 Nxf4 19. Rhe1 Ne6 20. Rxd5 f4 21. Qd3 Nxg5 22. hxg5 Be3+ 23. Kb1 Bc6 24. Rd6 O-O 25. e6 Qxg5 26. Nc5 Bxc5 27. bxc5 Qxc5 28. e7 Rfe8 29. Re5 Qg1+ 30. Ka2 Qxg2 31. Qd4 f6 32. Rxh5 Qxc2 33. Qxf4 Be4 34. Qf1 Bd3 35. Qxd3 Qxd3 36. Rxd3 Rxe7 37.
Rg3 Re2 38. Kb3 Rc6 39. Rb5 b6 40. Rb4 Rce6 41. Bd4 Kf7 42. Rc4 Re7 43. Rc6 Rd7 44.
Bc3 Rf2 45. Re3 g5 46. Ree6 g4 47. Rxf6+ Rxf6 48. Rxf6+ Ke7 49. Rg6 Rd5 50. Rxg4 Kd6 51. Rg7 a5 52. a4 Kc6 53. Rg6+ Rd6 54. Rg5 Rd5 55. Rg4 b5 56. axb5+ Kxb5 57. Rg8 Rc5 58. Rb8+ Ka6 59. Re8 Kb5 60. Re7 a4+ 61. Kb2 Kc4 62. Re4+ Kd3 63. Rd4+ Ke3 64. Rxa4 Ke2 65. Kc2 Rc8 66.
Re4+ Kf3 67. Re7 Rc6 68. Kd3 Rd6+ 69. Bd4 Kf4 70. Rf7+ Kg5 71. Ke4 Re6+ 72. Be5 Kg6 73. Rg7+ Kh5 74. Kf5 Ra6 75. Rg2 Ra4 76. Rg8 Ra6 77. Rg5+ Kh6 78. Rg1 Kh7 79. Rh1+ Kg8 80. Bf6 Kf7 81. Rh7+ Ke8 82. Rb7 Ra2 83. Rc7 Rf2+ 84.
Ke6 Re2+ 85. Be5 Kd8 86. Rb7 Rc2 87. Rb1 Rc4 88. Rb6 Rc2 89. Rb1 Rc4 0-1

[Event "*** Titled Tuesday Blitz"]
[Site "Chess.com"]
[Date "2019.10.01"]
[Round "6"]
[White "FMJoseHerrera"]
[Black "Taron_Shagbazyan"]
[Result "1-0"]
[WhiteElo "2539"]
[BlackElo "2735"]
[TimeControl "180+2"]
[EndTime "14:29:51 PDT"]
[Termination "FMJoseHerrera won by resignation"]

1. Nf3 Nf6 2. g3 e6 3. Bg2 d5 4.
O-O Be7 5. b3 O-O 6. Bb2 a5 7. a4 Na6 8. d3 c6 9. Nbd2 b5 10. Nd4 Bd7 11. axb5 cxb5 12. c4 bxc4 13. bxc4 a4 14. cxd5 Nxd5 15. Nc4 Rb8 16. Ba3 Nab4 17.
e3 Bf6 18. Qd2 Qc7 19. Rfc1 Qa7 20. Bxd5 Nxd5 21. Bxf8 Rxf8 22. Qb2 Rb8 23. Qa3 Be7 24. Qa2 Bf6 25. Qa3 Be7 26. Qa2 Nb4 27. Qd2 h5 28.
Ne5 Be8 29. Qe2 g6 30. Nc4 Qa8 31. Qf3 Nxd3 32. Rcb1 Rxb1+ 33. Rxb1 Qxf3 34. Nxf3 Bc6 35. Nd4 Bd5 36. Rb8+ Kg7 37. Nb6 a3 38. Nxd5 exd5 39. Ra8 Nc1 40. Nc6 Bd6 41. Kf1 h4 42. Ke1 h3 43.
Kd2 Nb3+ 44. Kc3 Nc5 45. Kd4 Bf8 46. Kxd5 Nd3 47. f4 Ne1 48. Ne5 Nc2 49. Ke4 f5+ 50. Kf3 Bb4 51. Ra7+ Kh6 52. Nf7+ Kg7 53. Ne5+ Kh6 54.
Ra6 Bc3 55. Nxg6 Bb2 56. Ne7+ Kh7 57. Nxf5 Nb4 58. Ra7+ Kg6 59. Kg4 a2 60. e4 a1=Q 61. Rxa1 Bxa1 62. Kxh3 Nd3 63. Ne7+ Kf7 64. Nd5 Nf2+ 65.
Kh4 Nxe4 66. Kg4 Bd4 67. Kf3 Nd2+ 68. Kg4 Nf1 69. Kh3 Ke6 70. Nb4 Kf5 71. Kg2 Ne3+ 72.
Kf3 Nc4 73. g4+ Kg6 74. Nc2 Bg1 75. h4 Nd2+ 76. Kg2 Bc5 77. h5+ Kh6 78. Ne1 Nc4 79. Nd3 Bd6 80. Kf3 Nd2+ 81. Ke3 Nf1+ 82. Ke4 Nh2 83. Kf5 Nf3 84. Ne5 Nd4+ 85. Kf6 Bc7 86. Nf7+ Kh7 87. Ng5+ Kh6 88. Nf7+ Kh7 89. g5 Bxf4 90. g6+ Kg8 91. h6 1-0

[Event "*** Titled Tuesday Blitz"]
[Site "Chess.com"]
[Date "2019.10.01"]
[Round "7"]
[White "Saitama_Hero"]
[Black "13MiRacLe"]
[Result "0-1"]
[WhiteElo "2327"]
[BlackElo "2493"]
[TimeControl "180+2"]
[EndTime "14:32:38 PDT"]
[Termination "13MiRacLe won by resignation"]

1. d3 d5 2. Nf3 Nf6 3. g3 g6 4.
Bg2 Bg7 5. O-O O-O 6. Nbd2 c5 7. e4 Nc6 8. Re1 e6 9. c3 a5 10. e5 Nd7 11. d4 cxd4 12. cxd4 f6 13. exf6 Qxf6 14.
Nf1 Nxd4 15. N1d2 Nc5 16. Qc2 Nxc2 0-1

[Event "*** Titled Tuesday Blitz"]
[Site "Chess.com"]
[Date "2019.10.01"]
[Round "7"]
[White "FearNoEvil12"]
[Black "H3nriqueTV"]
[Result "1-0"]
[WhiteElo "2054"]
[BlackElo "2146"]
[TimeControl "180+2"]
[EndTime "14:32:40 PDT"]
[Termination "FearNoEvil12 won by checkmate"]

1. e4 c5 2. Nc3 Nc6 3. f4 g6 4.
Nf3 Bg7 5. Bc4 e6 6. f5 Nge7 7.
fxg6 hxg6 8. d3 Nd4 9. O-O a6 10. a4 Qc7 11. g3 Nec6 12. Bf4 d6 13. Ng5 Bd7 14. Nxf7 e5 15. Bg5 Rf8 16. Nd5 Qa5 17. Nxd6# 1-0

[Event "*** Titled Tuesday Blitz"]
[Site "Chess.com"]
[Date "2019.10.01"]
[Round "7"]
[White "benhal"]
[Black "Keaton87"]
[Result "0-1"]
[WhiteElo "2308"]
[BlackElo "2581"]
[TimeControl "180+2"]
[EndTime "14:32:42 PDT"]
[Termination "Keaton87 won by resignation"]

1. d4 Nf6 2. Bf4 g6 3. Nc3 Bg7 4. e4 d6 5. Qd2 c5 6. dxc5 Qa5 7. cxd6 exd6 8. Bxd6 Nc6 9. f3 Be6 10. Nb5 Qxd2+ 11. Kxd2 O-O-O 12. c4 a6 13. c5 axb5 14. Bxb5 Ne8 15. Bxc6 bxc6 16. Ne2 Nxd6 17. cxd6 Rxd6+ 18.
Kc2 Rhd8 19. Rhd1 Rxd1 20. Rxd1 Rxd1 21. Kxd1 Bxa2 0-1

[Event "*** Titled Tuesday Blitz"]
[Site "Chess.com"]
[Date "2019.10.01"]
[Round "7"]
[White "Roenko_Artur"]
[Black "Colombiano07"]
[Result "1-0"]
[WhiteElo "2254"]
[BlackElo "2192"]
[TimeControl "180+2"]
[EndTime "14:33:32 PDT"]
[Termination "Roenko_Artur won by resignation"]

1. e4 c5 2. Nf3 g6 3. d4 cxd4 4. Nxd4 Nf6 5. Nc3 Nc6 6. Be3 Bg7 7.
Bc4 O-O 8. Qd2 Nxe4 9. Nxe4 d5 10. Nxc6 bxc6 11. O-O-O Qc7 12. Bh6 Bxh6 13. Qxh6 dxe4 14.
Rhe1 Bg4 15. Rd4 Bf5 16. g4 Bxg4 17. Rdxe4 Be6 18. Rh4 1-0

[Event "*** Titled Tuesday Blitz"]
[Site "Chess.com"]
[Date "2019.10.01"]
[Round "7"]
[White "gemarin"]
[Black "PowerThinking2650"]
[Result "0-1"]
[WhiteElo "2136"]
[BlackElo "2287"]
[TimeControl "180+2"]
[EndTime "14:33:53 PDT"]
[Termination "PowerThinking2650 won by resignation"]

1. d4 Nf6 2. c4 g6 3. Nc3 Bg7 4. e4 d6 5. Nf3 O-O 6. Be2 e5 7. d5 a5 8. Bg5 Na6 9. Nd2 h6 10. Bh4 Qe8 11. Rb1 Nh7 12. b3 h5 13. f3 Bh6 14.
Nf1 f5 15. exf5 gxf5 16. a3 Qg6 17. Bf2 e4 18. fxe4 fxe4 19. Ne3 Rxf2 20. Kxf2 Qf6+ 21. Bf3 Bxe3+ 0-1

[Event "*** Titled Tuesday Blitz"]
[Site "Chess.com"]
[Date "2019.10.01"]
[Round "7"]
[White "ChessBitl"]
[Black "Nbk90"]
[Result "0-1"]
[WhiteElo "2299"]
[BlackElo "2474"]
[TimeControl "180+2"]
[EndTime "14:33:58 PDT"]
[Termination "Nbk90 won by checkmate"]

1. e4 e5 2. Nf3 Nc6 3. d4 exd4 4.
Bc4 Nf6 5. O-O Nxe4 6. Re1 d5 7.
Bxd5 Qxd5 8. Nc3 Qh5 9. Nxe4 Be6 10. Bg5 Bd6 11. Bf6 O-O 12. Bxd4 Rad8 13. c3 Bf4 14. Qe2 Nxd4 15. Nxd4 Qxh2+ 16. Kf1 Qh1# 0-1

[Event "*** Titled Tuesday Blitz"]
[Site "Chess.com"]
[Date "2019.10.01"]
[Round "7"]
[White "M1711"]
[Black "kasparicy"]
[Result "1-0"]
[WhiteElo "2546"]
[BlackElo "2410"]
[TimeControl "180+2"]
[EndTime "14:34:12 PDT"]
[Termination "M1711 won by resignation"]

1. e4 c5 2. Nf3 d6 3. Nc3 Nf6 4. e5 dxe5 5. Nxe5 Nbd7 6. d4 cxd4 7. Qxd4 Nxe5 8. Qxe5 e6 9. Bf4 Be7 10. Bb5+ Bd7 11.
O-O-O O-O 12. Bxd7 Nxd7 13. Qb5 e5 14. Rxd7 Qe8 15. Be3 a6 16. Qd5 Bb4 17. Ne4 Kh8 18. a3 Ba5 19. Bc5 1-0

[Event "*** Titled Tuesday Blitz"]
[Site "Chess.com"]
[Date "2019.10.01"]
[Round "7"]
[White "ThePunisherxx"]
[Black "Aariow"]
[Result "1-0"]
[WhiteElo "2636"]
[BlackElo "2434"]
[TimeControl "180+2"]
[EndTime "14:34:54 PDT"]
[Termination "ThePunisherxx won by resignation"]

1. c4 c6 2. d4 d5 3. cxd5 cxd5 4. Nc3 Nf6 5. Bf4 Nc6 6. e3 Bf5 7. Qb3 Na5 8. Qa4+ Bd7 9. Qc2 Rc8 10. Bd3 b5 11. a3 e6 12. Nf3 Be7 13. O-O O-O 14. Ne5 Nc4 15. Rfc1 h6 16. Qe2 Qb6 17. h3 Rfd8 18.
g4 Be8 19. g5 hxg5 20. Bxg5 g6 21. Kh1 Qb7 22. Rg1 Nh5 23. Bxe7 Qxe7 24. Qxh5 Nxe5 25. Qxe5 Qh4 26. Qg3 Qh6 27. h4 Kg7 28. Qg5 Qxg5 29. hxg5 a6 30. Kg2 1-0

[Event "*** Titled Tuesday Blitz"]
[Site "Chess.com"]
[Date "2019.10.01"]
[Round "7"]
[White "Komissarov_alex"]
[Black "Perecke"]
[Result "1-0"]
[WhiteElo "1926"]
[BlackElo "2090"]
[TimeControl "180+2"]
[EndTime "14:35:00 PDT"]
[Termination "Komissarov_alex won by resignation"]

1. d4 d5 2. Nf3 Nf6 3. e3 c5 4. c3 Nc6 5. Nbd2 Bg4 6. dxc5 e5 7. b4 e4 8. h3 Bh5 9. g4 Nxg4 10. hxg4 Bxg4 11. Qa4 exf3 12. b5 Ne7 13. Qxg4 Qa5 14. Qb4 Qc7 15. b6 1-0

[Event "*** Titled Tuesday Blitz"]
[Site "Chess.com"]
[Date "2019.10.01"]
[Round "7"]
[White "kosya4ok"]
[Black "kacprekt"]
[Result "1-0"]
[WhiteElo "2617"]
[BlackElo "2417"]
[TimeControl "180+2"]
[EndTime "14:35:01 PDT"]
[Termination "kosya4ok won by resignation"]

1. d4 Nf6 2. c4 g6 3. Nc3 d5 4. Nf3 Bg7 5. h4 dxc4 6. e4 c5 7.
d5 O-O 8. h5 Nxh5 9. Bxc4 b5 10.
Bxb5 Qa5 11. Be2 Ba6 12. Bd2 Bxe2 13. Qxe2 Qa6 14. e5 Qxe2+ 15. Kxe2 Nd7 16. g4 Nxe5 17. Nxe5 Bxe5 18. gxh5 Bxc3 19. Bxc3 Rad8 20. Rad1 Rd6 21. Rh4 Rfd8 22. hxg6 fxg6 23. Ra4 R8d7 24. Ra5 Rxd5 25. Rxd5 Rxd5 26. Rxa7 h5 27. Rxe7 h4 28. Kf3 Rg5 29. Re1 Rf5+ 30. Kg2 g5 31. Re4 Kf7 32. a4 Kg6 33. a5 Kh5 34. f3 h3+ 35. Kxh3 Rxf3+ 36. Kg2 Rf7 37. a6 Ra7 38. Ra4 g4 39. Bd2 Rd7 40.
Be3 Rd3 41. a7 Rxe3 42. a8=Q Re2+ 43. Kf1 Rxb2 44. Qh8+ 1-0

[Event "*** Titled Tuesday Blitz"]
[Site "Chess.com"]
[Date "2019.10.01"]
[Round "7"]
[White "alishersuleymenov"]
[Black "Vuk2000"]
[Result "1-0"]
[WhiteElo "2726"]
[BlackElo "2799"]
[TimeControl "180+2"]
[EndTime "14:35:11 PDT"]
[Termination "alishersuleymenov won by resignation"]

1. d4 Nf6 2. Nf3 e6 3. Bf4 d5 4. e3 Bd6 5. Bg3 O-O 6. Nbd2 c5 7. c3 Qc7 8. dxc5 Qxc5 9. b4 Qc7 10. Bxd6 Qxd6 11. Rc1 b6 12. Bd3 Ba6 13. Bxa6 Nxa6 14. O-O Nc7 15. Nc4 Qe7 16. Nce5 Rac8 17. Qe2 Qe8 18. Nd4 Ne4 19. c4 f6 20. Nec6 e5 21.
Nf5 Rf7 22. cxd5 Ne6 23. dxe6 Qxe6 24. Nce7+ 1-0

[Event "*** Titled Tuesday Blitz"]
[Site "Chess.com"]
[Date "2019.10.01"]
[Round "7"]
[White "newauto"]
[Black "brendan174"]
[Result "1-0"]
[WhiteElo "2003"]
[BlackElo "2100"]
[TimeControl "180+2"]
[EndTime "14:35:12 PDT"]
[Termination "newauto won by resignation"]

1. e4 e5 2. Nf3 Nc6 3. Bb5 g6 4. O-O Bg7 5. d3 Nge7 6. c4 O-O 7. Nc3 d6 8. a3 f5 9. Bg5 h6 10. Bxe7 Nxe7 11. Ne1 f4 12. Ba4 g5 13. b4 Ng6 14.
Qh5 Kh7 15. Bd1 Be6 16. Bg4 Qd7 17. h3 Rae8 18. Nd5 c6 19. Nc3 Nh4 20. Bxe6 Qxe6 21. Nf3 Ng6 22. Nxg5+ 1-0

[Event "*** Titled Tuesday Blitz"]
[Site "Chess.com"]
[Date "2019.10.01"]
[Round "7"]
[White "ferdipy"]
[Black "DonBroca"]
[Result "0-1"]
[WhiteElo "2161"]
[BlackElo "2088"]
[TimeControl "180+2"]
[EndTime "14:35:16 PDT"]
[Termination "DonBroca won by resignation"]

1. e4 c5 2. Nf3 d6 3. d4 cxd4 4. Nxd4 Nf6 5. Nc3 a6 6. Be3 e5 7.
Nf3 Be7 8. Bc4 O-O 9. a4 Be6 10. Bxe6 fxe6 11. Qe2 Nc6 12. Ng5 Qd7 13. Rd1 h6 14. Nf3 d5 15. exd5 exd5 16. Nxd5 Nxd5 17. c4 Bb4+ 18. Kf1 Nxe3+ 19. fxe3 Qg4 20. Kg1 Rad8 0-1

[Event "*** Titled Tuesday Blitz"]
[Site "Chess.com"]
[Date "2019.10.01"]
[Round "7"]
[White "Tonychess32"]
[Black "WiktoriaPOL"]
[Result "1-0"]
[WhiteElo "2415"]
[BlackElo "2231"]
[TimeControl "180+2"]
[EndTime "14:35:21 PDT"]
[Termination "Tonychess32 won by resignation"]

1. e4 c5 2. Nf3 d6 3. Bc4 Nf6 4. d3 Nc6 5. c3 e6 6. Bb3 d5 7. Qe2 d4 8. O-O g6 9. e5 Nd5 10. Bg5 Qc7 11. Nbd2 dxc3 12. Ne4 cxb2 13. Qxb2 Be7 14. Bxe7 Qxe7 15. Bxd5 exd5 16. Nf6+ Kf8 17. Nxd5 Qd7 18. e6 Qxd5 19. Qxh8+ Ke7 20. exf7 Kxf7 21. Qxh7+ Kf6 22. Qh8+ Kf7 23. Rfe1 Rb8 24. h4 Bg4 25. Ng5+ Qxg5 26. Qh7+ 1-0

[Event "*** Titled Tuesday Blitz"]
[Site "Chess.com"]
[Date "2019.10.01"]
[Round "7"]
[White "SloLev"]
[Black "aa175"]
[Result "1-0"]
[WhiteElo "2477"]
[BlackElo "2304"]
[TimeControl "180+2"]
[EndTime "14:35:22 PDT"]
[Termination "SloLev won on time"]

1. d4 Nf6 2. Bf4 g6 3. Nc3 Bg7 4. e4 d6 5. Qd2 O-O 6. O-O-O Nc6 7. Nf3 Bg4 8. Be2 Bxf3 9. Bxf3 e5 10. dxe5 dxe5 11.
Be3 Nd4 12. Bxd4 Qxd4 13. Qxd4 exd4 14. Rxd4 Ng4 15. Rd7 Bh6+ 16. Kb1 Nxf2 17. Rf1 Be3 18. Nd5 Bc5 19. Rxc7 Rac8 20. Rxb7 1-0

[Event "*** Titled Tuesday Blitz"]
[Site "Chess.com"]
[Date "2019.10.01"]
[Round "7"]
[White "ShadowJolteon"]
[Black "doons21"]
[Result "0-1"]
[WhiteElo "2366"]
[BlackElo "2612"]
[TimeControl "180+2"]
[EndTime "14:35:29 PDT"]
[Termination "doons21 won by resignation"]

1. d4 Nf6 2. c4 g6 3. Nc3 Bg7 4. e4 O-O 5. f3 d6 6. Be3 e5 7.
Nge2 Nbd7 8. Qd2 a6 9. d5 Nh5 10. g4 Nf4 11. Nxf4 exf4 12. Bxf4 h5 13. gxh5 Qh4+ 14.
Bg3 Qxh5 15. Be2 Ne5 16. f4 Nf3+ 17. Bxf3 Qxf3 18. Rf1 Qh5 19. Qe3 Bg4 20. Kd2 b5 21. c5 Rfe8 22. Rae1 b4 23. Na4 Rad8 24. cxd6 cxd6 25.
Nb6 Bxb2 26. Kc2 Bc3 27. Rc1 Rxe4 0-1

[Event "*** Titled Tuesday Blitz"]
[Site "Chess.com"]
[Date "2019.10.01"]
[Round "7"]
[White "aranibos"]
[Black "Gubajdullin"]
[Result "0-1"]
[WhiteElo "2155"]
[BlackElo "2610"]
[TimeControl "180+2"]
[EndTime "14:35:38 PDT"]
[Termination "Gubajdullin won by resignation"]

1. d4 d5 2. Nf3 Bf5 3. Bf4 e6 4. e3 Nf6 5. Nbd2 h6 6. h3 Be7 7. Bd3 Bxd3 8. cxd3 c6 9. Qb3 Qb6 10. O-O Nbd7 11. Qc2 a5 12. a3 a4 13. Rab1 O-O 14. b4 axb3 15. Rxb3 Qa6 16. Rfb1 Ra7 17. Ne5 Nxe5 18. Bxe5 Nd7 19. Bg3 b5 20. Rc1 Rc8 21. Ra1 b4 22. a4 c5 23. Rxb4 cxb4 24. Qd1 Qxd3 25. Rc1 Rxc1 26. Qxc1 Rxa4 27. Qc8+ Nf8 28. Nf3 Ra1+ 29. Kh2 Qf1 30. Bc7 Qxf2 0-1

[Event "*** Titled Tuesday Blitz"]
[Site "Chess.com"]
[Date "2019.10.01"]
[Round "7"]
[White "SanchezKelvin"]
[Black "Grandmaster1369"]
[Result "0-1"]
[WhiteElo "2528"]
[BlackElo "2687"]
[TimeControl "180+2"]
[EndTime "14:35:39 PDT"]
[Termination "Grandmaster1369 won by resignation"]

1. d4 Nf6 2. c4 e6 3. Nf3 Bb4+ 4. Bd2 Qe7 5. g3 Nc6 6. Bg2 Bxd2+ 7. Nbxd2 O-O 8. O-O d6 9. e4 e5 10. d5 Nb8 11. Ne1 a5 12. Nd3 Na6 13. a3 Bg4 14. f3 Bd7 15. b4 c6 16. Qb3 cxd5 17. cxd5 a4 18. Qb1 Nc7 19. Rc1 Nb5 20. Qb2 Nd4 21. Rc7 Qd8 22. Rc4 Bb5 23. Rxd4 Qb6 24. Nf2 exd4 25.
f4 Rac8 26. e5 d3 27. Rc1 Ng4 28. Nf3 Rxc1+ 0-1

[Event "*** Titled Tuesday Blitz"]
[Site "Chess.com"]
[Date "2019.10.01"]
[Round "7"]
[White "sergeikim"]
[Black "DonRodrigue"]
[Result "0-1"]
[WhiteElo "2481"]
[BlackElo "2710"]
[TimeControl "180+2"]
[EndTime "14:35:50 PDT"]
[Termination "DonRodrigue won by resignation"]

1. d4 Nf6 2. c4 e6 3. Nc3 Bb4 4.
Qc2 O-O 5. a3 Bxc3+ 6. Qxc3 b6 7.
Nf3 Bb7 8. g3 d6 9. Bg2 Nbd7 10.
O-O Qe7 11. b3 c5 12. Bb2 cxd4 13. Qxd4 e5 14. Qd1 Nc5 15. b4 Nce4 16. Nh4 d5 17. cxd5 Bxd5 18. Nf5 Qe6 19. Ne3 Bb3 20. Qe1 Rad8 21.
Bc1 Rc8 22. f3 Nc3 23. Bb2 Na4 24. Bc1 Rfd8 25. f4 exf4 26. gxf4 Qd7 27. Qg3 Qd4 28. Rb1 Ba2 29. Kh1 Bxb1 30. Bd2 Ne4 0-1

[Event "*** Titled Tuesday Blitz"]
[Site "Chess.com"]
[Date "2019.10.01"]
[Round "7"]
[White "francyIM"]
[Black "chessS1r"]
[Result "1-0"]
[WhiteElo "2657"]
[BlackElo "2473"]
[TimeControl "180+2"]
[EndTime "14:35:53 PDT"]
[Termination "francyIM won by checkmate"]

1. d4 Nf6 2. c4 e6 3. Nc3 Bb4 4. f3 d5 5. a3 Bxc3+ 6. bxc3 c5 7. cxd5 exd5 8. e3 Bf5 9. Bd3 Bxd3 10. Qxd3 O-O 11. Ne2 Re8 12. O-O Nc6 13. Ng3 g6 14.
Bb2 Na5 15. Rae1 Nc4 16. Bc1 cxd4 17. cxd4 b5 18. e4 a5 19. e5 Nd7 20. f4 Nf8 21. f5 b4 22. Kh1 Rb8 23. Bh6 b3 24. Bxf8 Rxf8 25. f6 Re8 26. Nf5 Rb7 27. Qh3 Re6 28. Qh6 Qf8 29. Ng7 b2 30. Qh3 Reb6 31. e6 fxe6 32.
Nxe6 Qf7 33. Ng5 Qf8 34. f7+ Kh8 35. Qxh7# 1-0

[Event "*** Titled Tuesday Blitz"]
[Site "Chess.com"]
[Date "2019.10.01"]
[Round "7"]
[White "anon132639"]
[Black "Karacsonyi_Gellert"]
[Result "1-0"]
[WhiteElo "2684"]
[BlackElo "2531"]
[TimeControl "180+2"]
[EndTime "14:36:12 PDT"]
[Termination "anon132639 won by resignation"]

1. d4 Nf6 2. c4 e6 3. Nf3 d5 4. g3 dxc4 5. Bg2 Bd7 6. Ne5 Bc6 7. Nxc6 Nxc6 8. e3 Qd7 9. O-O O-O-O 10. Nd2 e5 11.
Nxc4 exd4 12. exd4 Nd5 13. Ne3 Nxe3 14. Bxe3 Nxd4 15.
Rc1 Kb8 16. Rc4 Ne6 17. Qb3 b6 18. Bc6 Qd3 19. Qa4 a5 20. Qb5 Rd6 21. Bxb6 Qxc4 22.
Ba7+ 1-0

[Event "*** Titled Tuesday Blitz"]
[Site "Chess.com"]
[Date "2019.10.01"]
[Round "7"]
[White "GHANDEEVAM2003"]
[Black "Witik"]
[Result "1-0"]
[WhiteElo "2975"]
[BlackElo "2644"]
[TimeControl "180+2"]
[EndTime "14:36:13 PDT"]
[Termination "GHANDEEVAM2003 won by resignation"]

1. Nf3 Nf6 2. c4 g6 3. Nc3 Bg7 4. e4 d6 5. d4 O-O 6. Be2 e5 7. d5 a5 8. Be3 Ng4 9. Bg5 f6 10. Bh4 Na6 11. Nd2 Nh6 12. g4 Qe8 13. Rg1 Kh8 14.
a3 f5 15. gxf5 gxf5 16. Bh5 Qd7 17. Qe2 Nc5 18. f3 Bf6 19. Bxf6+ Rxf6 20. O-O-O Qe7 21.
Rg2 f4 22. Rdg1 Bh3 23. Rg5 Rff8 24. Kc2 a4 25. Qf2 Rg8 26. Qh4 Rxg5 27. Rxg5 Bd7 28.
Bg6 Qg7 29. Bf5 Qf6 30. Rg8+ 1-0

[Event "*** Titled Tuesday Blitz"]
[Site "Chess.com"]
[Date "2019.10.01"]
[Round "7"]
[White "yuki_chess123"]
[Black "santosalberto1987"]
[Result "1-0"]
[WhiteElo "2189"]
[BlackElo "2367"]
[TimeControl "180+2"]
[EndTime "14:36:16 PDT"]
[Termination "yuki_chess123 won by resignation"]

1. c4 c6 2. d4 d5 3. Nf3 Nf6 4.
e3 Bf5 5. Nc3 e6 6. Qb3 Qb6 7.
c5 Qc7 8. Nh4 Bg6 9. Nxg6 hxg6 10.
h3 e5 11. Be2 Nbd7 12. O-O Be7 13. Qc2 O-O 14. b4 a6 15. Bb2 Rfe8 16. Bf3 exd4 17. exd4 Nf8 18. Nd1 Ne6 19. Ne3 Ng5 20. Be2 Nge4 21.
Bd3 Qf4 22. Rae1 Bd8 23. Bc1 Bc7 24. Ng4 Qf5 25. f3 Nxg4 26. hxg4 Qd7 27. fxe4 Qxg4 28. Qf2 Re7 29. e5 Rae8 30. Qf4 Qh5 31. Be2 Qh7 32.
Rf3 f6 33. Rh3 g5 34. Qh2 Qf5 35. Bd3 Qg4 36. Bg6 1-0

[Event "*** Titled Tuesday Blitz"]
[Site "Chess.com"]
[Date "2019.10.01"]
[Round "7"]
[White "XiaoKangZhong"]
[Black "Faustregel"]
[Result "1-0"]
[WhiteElo "2435"]
[BlackElo "2558"]
[TimeControl "180+2"]
[EndTime "14:36:18 PDT"]
[Termination "XiaoKangZhong won by resignation"]

1. e4 c5 2. c3 Nf6 3. e5 Nd5 4. d4 cxd4 5. cxd4 d6 6. Nf3 Nc6 7. Bc4 dxe5 8. dxe5 Nb6 9. Bb3 Qxd1+ 10. Kxd1 Bg4 11.
Bf4 Nd4 12. Nd2 O-O-O 13. Rc1+ Kb8 14. e6+ Ka8 15. Bc7 Nxb3 16. axb3 Rc8 17. exf7 Bh5 18.
Bxb6 Rxc1+ 19. Kxc1 axb6 20. Ne5 e6 21. Kc2 Bd6 22. Nd7 Bg6+ 23. Kc3 b5 24. Ra1+ 1-0

[Event "*** Titled Tuesday Blitz"]
[Site "Chess.com"]
[Date "2019.10.01"]
[Round "7"]
[White "Abdodi"]
[Black "HouseOfDurin"]
[Result "1-0"]
[WhiteElo "2189"]
[BlackElo "2083"]
[TimeControl "180+2"]
[EndTime "14:36:31 PDT"]
[Termination "Abdodi won by checkmate"]

1. Nf3 c5 2. g3 Nc6 3. Bg2 g6 4. O-O Bg7 5. c3 e5 6. e4 Nge7 7. d3 O-O 8. h3 d5 9. Nbd2 d4 10.
Qe2 h6 11. Rd1 Be6 12. Nf1 Qd7 13. Kh2 f5 14. exf5 gxf5 15. Nh4 Nd5 16. Bd2 Rae8 17. Qh5 f4 18. c4 Ndb4 19. Bxb4 Nxb4 20. Be4 Bxh3 21.
Qg6 Rf7 22. Qh7+ Kf8 23. Ng6# 1-0

[Event "*** Titled Tuesday Blitz"]
[Site "Chess.com"]
[Date "2019.10.01"]
[Round "7"]
[White "Bryakin_Mikhail"]
[Black "MoonlighT89"]
[Result "1-0"]
[WhiteElo "2755"]
[BlackElo "2550"]
[TimeControl "180+2"]
[EndTime "14:36:37 PDT"]
[Termination "Bryakin_Mikhail won by resignation"]

1. d4 Nf6 2. c4 c5 3. d5 g6 4.
Nc3 Bg7 5. e4 d6 6. Nf3 O-O 7. h3 e6 8. Bd3 exd5 9. exd5 Re8+ 10. Be3 Bh6 11. O-O Bxe3 12. fxe3 Rxe3 13. Qd2 Re7 14.
Ng5 Nbd7 15. Nb5 h6 16. Nf3 Ne5 17. Nxe5 Rxe5 18. Qxh6 a6 19. Nc7 Rb8 20. Bxg6 Qxc7 21. Rxf6 fxg6 22. Rxg6+ 1-0

[Event "*** Titled Tuesday Blitz"]
[Site "Chess.com"]
[Date "2019.10.01"]
[Round "7"]
[White "Sjakkerntobi"]
[Black "fidetrainerNET"]
[Result "0-1"]
[WhiteElo "2038"]
[BlackElo "2233"]
[TimeControl "180+2"]
[EndTime "14:36:50 PDT"]
[Termination "fidetrainerNET won by resignation"]

1. e4 c5 2. Nf3 d6 3. Bb5+ Nd7 4. Ba4 g6 5. O-O Bg7 6. c3 Nf6 7. Qe2 O-O 8. d4 a6 9. e5 Nd5 10. e6 N7b6 11. exf7+ Kh8 12. Bb3 Rxf7 13. Qe4 Bf5 14.
Qh4 Bf6 15. Bg5 c4 16. Bd1 Qd7 17. Nbd2 Raf8 18. Bxf6+ exf6 19. Re1 g5 20. Qg3 Nf4 21. Ne4 Nbd5 22. Bc2 Rg7 23. Nfd2 b5 24. Rac1 h5 25. Qf3 Bg4 26. Qg3 h4 0-1

[Event "*** Titled Tuesday Blitz"]
[Site "Chess.com"]
[Date "2019.10.01"]
[Round "7"]
[White "Supernotar"]
[Black "morphinho22"]
[Result "1-0"]
[WhiteElo "2712"]
[BlackElo "2352"]
[TimeControl "180+2"]
[EndTime "14:36:53 PDT"]
[Termination "Supernotar won on time"]

1. d4 Nf6 2. c4 g6 3. Nc3 Bg7 4. e4 d6 5. Be2 O-O 6. Nf3 e5 7. O-O Nc6 8. d5 Ne7 9. Ne1 Nd7 10. Be3 f5 11. f3 f4 12. Bf2 g5 13.
a4 Rf6 14. a5 Rh6 15. Kh1 a6 16. Nd3 Qe8 17. b4 Qh5 18. Bg1 Nf6 19. c5 g4 20.
fxg4 Bxg4 21. Bxg4 Nxg4 22. h3 Ng6 23. Bh2 Ne3 24.
Qxh5 Rxh5 25. Rf2 Rg5 26. Na4 Nh4 27. Raa2 Rf8 28. Ne1 h5 29. Nf3 Nxf3 30. Rxf3 Kh7 31. Bg1 Bh6 32. Re2 1-0

[Event "*** Titled Tuesday Blitz"]
[Site "Chess.com"]
[Date "2019.10.01"]
[Round "7"]
[White "novocane"]
[Black "dlp300"]
[Result "1-0"]
[WhiteElo "2322"]
[BlackElo "2494"]
[TimeControl "180+2"]
[EndTime "14:36:57 PDT"]
[Termination "novocane won by resignation"]

1. d4 Nf6 2. c4 g6 3. Nc3 d5 4. cxd5 Nxd5 5. e4 Nxc3 6. bxc3 Bg7 7. Qa4+ Nd7 8. Nf3 O-O 9. Qa3 c5 10. Be3 b6 11. Bd3 Bb7 12. Rd1 e6 13. O-O Qc7 14. Qc1 Rfd8 15. Bh6 Bh8 16. Qe3 Rac8 17. Rc1 Nf6 18. h3 Qc6 19. Rfe1 Qa4 20. d5 exd5 21. e5 Ne4 22. c4 d4 23. Qf4 Nc3 24. Ng5 Qd7 25. e6 fxe6 26. Rxe6 Re8 27. Bxg6 Rxe6 28. Bf7+ 1-0

[Event "*** Titled Tuesday Blitz"]
[Site "Chess.com"]
[Date "2019.10.01"]
[Round "7"]
[White "Svet99"]
[Black "MikeSailer"]
[Result "1-0"]
[WhiteElo "2180"]
[BlackElo "2082"]
[TimeControl "180+2"]
[EndTime "14:37:01 PDT"]
[Termination "Svet99 won by checkmate"]

1. c4 c6 2. Nc3 d5 3. e3 Nf6 4. Nf3 Bf5 5. b3 e6 6. Bb2 Be7 7. Be2 O-O 8. O-O Nbd7 9. d4 a6 10. Ne5 Nxe5 11. dxe5 Nd7 12. Qd4 Bc5 13. Qf4 h6 14.
Na4 Ba7 15. Qg3 Rc8 16. Rac1 dxc4 17. Rxc4 b5 18. Rh4 bxa4 19. Rxh6 axb3 20. axb3 Rb8 21.
Rh4 Rxb3 22. Bc1 a5 23. Rd1 Rb4 24. f4 Bc5 25. Qf2 Be7 26. Rh5 Bg6 27. Rh3 Qc7 28. g4 Nc5 29. g5 f6 30. gxf6 gxf6 31. Qg2 Kf7 32. Bh5 Rg8 33. Bxg6+ Rxg6 34. Rh7+ Ke8 35. Qxg6+ Kf8 36. Qf7# 1-0